 Dungeon Crawl Stone Soup version 0.27.1-35-g4d5d836560 (webtiles) character file.

Game seed: 7775678967833760286

1282 Delamore the Slicer (level 8, -3/50 HPs)
             Began as an Octopode Brigand on Apr 29, 2022.
             Was an Initiate of Gozag.
             Killed by nerve-wracking pain
             ... invoked by Grinder
              (8 damage)
             ... on level 6 of the Dungeon.
             The game lasted 00:07:57 (5738 turns).

Delamore the Slicer (Octopode Brigand)              Turns: 5738, Time: 00:07:57

Health: -3/50      AC:  5    Str: 10    XL:     8   Next: 54%
Magic:  8/8        EV: 12    Int: 14    God:    Gozag
Gold:   272        SH:  0    Dex: 15    Spells: 7/7 levels left

rFire    . . .     SeeInvis .   a - +2 dagger
rCold    . . .     Faith    .   (no shield)
rNeg     . . .     Spirit   .   (helmet restricted)
rPois    .         Reflect  .   (no amulet)
rElec    .         Harm     .   k - +4 ring of protection
rCorr    .         Rampage  .   f - ring of wizardry
Will     .....                  (no ring)
Stlth    ++++......             (no ring)
HPRegen  0.16/turn              (no ring)
MPRegen  0.11/turn              (no ring)
                                (no ring)
                                (no ring)

@: no status effects
A: almost no armour, amphibious, 8 rings, camouflage 1, gelatinous body 1,
(nimble swimmer 1), tentacles
a: Renounce Religion, Potion Petition, Call Merchant, Bribe Branch


You were on level 6 of the Dungeon.
You worshipped Gozag.
Gozag was aware of your devotion.
You visited 2 branches of the dungeon, and saw 7 of its levels.
You also visited: Ossuary.

You collected 334 gold pieces.
You spent 14 gold pieces at shops.
You paid 48 gold pieces to Gozag.

Inventory:

Hand Weapons
 a - a +2 dagger (weapon)
 n - a +1 short sword of flaming
 t - a +0 rapier
Missiles
 b - 3 poisoned darts (quivered)
Jewellery
 f - a ring of wizardry (right tentacle)
 k - a +4 ring of protection (left tentacle)
Scrolls
 h - a scroll of torment
 i - 3 scrolls of amnesia
 l - 3 scrolls of noise
 o - a scroll of immolation
 q - a scroll of fog {unknown}
 r - 2 scrolls of magic mapping
 s - a scroll of enchant armour {unknown}
 x - a scroll of enchant weapon {unknown}
Potions
 d - 4 potions of cancellation
 e - 4 potions of attraction {unknown}
 g - a potion of flight {unknown}
 j - a potion of magic {unknown}
 m - 2 potions of degeneration
 p - 4 potions of curing {unknown}
 u - a potion of ambrosia {unknown}
 v - 2 potions of berserk rage {unknown}


   Skills:
 - Level 2.0 Fighting
 * Level 9.5 Short Blades
 - Level 4.0 Throwing
 - Level 1.0 Dodging
 - Level 5.8 Stealth


You had 7 spell levels left.
You didn't know any spells.
Your spell library contained the following spells:

 Spells                   Type           Power      Damage    Failure   Level
 Apportation              Tloc           0%         N/A       12%         1
 Olgreb's Toxic Radiance  Pois           0%         N/A       71%         4
 Alistair's Intoxication  Tmut/Pois      0%         N/A       95%         5
 Invisibility             Hex            0%         N/A       100%        6
 Ozocubu's Refrigeration  Ice            0%         4d5       100%        7
 Ignition                 Fire           0%         3d3       100%        8


Dungeon Overview and Level Annotations

Branches:
Dungeon (6/15)             Temple (1/1) D:5         Ossuary (visited)

Altars:
Ashenzari
Dithmenos
Elyvilon
Fedhas
Gozag
Hepliaklqana
Makhleb
Nemelex Xobeh
Ru
Trog
Uskayaw
Vehumet
Wu Jian
Xom
Yredelemnul
Zin
The Shining One

Shops:
D:2 *[*   D:3 =   D:4 ([(*

Annotations:
D:6 Grinder


Innate Abilities, Weirdness & Mutations

You cannot wear most types of armour.
You are amphibious.
You can wear up to eight rings at the same time.
Your skin changes colour to match your surroundings (Stealth+).
Your rubbery body absorbs attacks. (AC +1, EV +1)
((You are camouflaged near water. (Stealth+)))
You have tentacles for arms and can constrict up to eight enemies at once.


Message History

You hit Grinder. You squeeze Grinder, but do no damage.
Grinder is lightly wounded.
You constrict Grinder. You hit Grinder.
Grinder is moderately wounded.
You constrict Grinder. Grinder gestures at you.
You shrug off the repeated paralysis!
You completely miss Grinder. You squeeze Grinder.
Grinder is moderately wounded.
You constrict Grinder. You hit Grinder. You squeeze Grinder.
Grinder is heavily wounded.
You constrict Grinder. Grinder hits you but does no damage.
You hit Grinder. You squeeze Grinder, but do no damage.
Grinder is heavily wounded.
You constrict Grinder, but do no damage.
You hit Grinder.
Grinder is severely wounded.
You constrict Grinder. Grinder hits you!
You writhe in agony.
You barely miss Grinder.
Grinder is severely wounded.
You constrict Grinder. You hit Grinder but do no damage.
Grinder is severely wounded.
You constrict Grinder. Grinder gestures at you. Pain shoots through your body!
You hit Grinder.
Grinder is severely wounded.
You constrict Grinder, but do no damage.
Grinder gestures at you. Pain shoots through your body!
* * * LOW HITPOINT WARNING * * *
It was a potion of cancellation.
You feel magically purged.
You constrict Grinder. Grinder gestures at you. Pain shoots through your body!
You die...
Your body crumbles into a pile of gold.

..*,,#..#≈..≈≈≈,,≈*,,,*,,,*
..#,,#..#.≈≈≈≈≈≈≈,*.(.#,,,*
..+,,#..#..,,,,,,,#...#,,,*
..##+#...#*******#....#*+****
........######,,*.....#,,**,**
........'....#,,*.....#,,,,,,*
........#.<..+,,+.....#,,,,,,*
........#########.....#**,,,**
...##+#.........@.#**** *****
...+..#.........5.#
......#...........#
.....##...........#
..#..#######'######
..^..............#
.................#
.........#########
#........##.....##


You could see Grinder.

Vanquished Creatures
  Sigmund (D:5)
  Edmund (D:5)
  A sky beast (D:5)
  A necrophage (D:5)
  An ogre (D:4)
  A phantom (D:4)
  An elf zombie (Ossuary)
  A bullfrog (D:6)
  A scorpion (D:3)
  A wyvern zombie (D:5)
  2 orc priests (D:4)
  Terence (D:3)
  A human zombie (Ossuary)
  2 iguanas
  3 orc wizards
  2 hound zombies (Ossuary)
  4 mummies (Ossuary)
  3 adders
  2 adder zombies (Ossuary)
  A worm (D:2)
  12 orcs
  8 endoplasms
  4 giant cockroaches
  7 goblins
  5 hobgoblins
  4 jackals (D:2)
  2 quokkas
  5 ball pythons
  4 bats
  2 frilled lizards
  A goblin zombie (Ossuary)
  2 jackal zombies (Ossuary)
  2 kobolds
  2 orc zombies (Ossuary)
  3 rats
  A rat zombie (Ossuary)
95 creatures vanquished.

Notes
Turn   | Place    | Note
-------+----------+-------------------------------------------
     0 | D:1      | Delamore the Octopode Brigand began the quest for the Orb.
     0 | D:1      | Reached XP level 1. HP: 14/14 MP: 1/1
   420 | D:1      | Reached XP level 2. HP: 19/19 MP: 2/2
   971 | D:2      | Reached skill level 3 in Short Blades
   971 | D:2      | Reached XP level 3. HP: 16/24 MP: 3/3
  1295 | D:2      | Found a faded altar of an unknown god.
  1324 | D:2      | Found Boffopni's General Store.
  1329 | D:2      | Found Gate's Antique Armour Emporium.
  1347 | D:2      | Bought a potion of degeneration for 14 gold pieces
  1367 | D:2      | Found Jaodghel's General Store.
  1544 | D:3      | Found a shadowy altar of Dithmenos.
  1549 | D:3      | Noticed a scorpion
  1556 | D:3      | Killed a scorpion
  1557 | D:3      | Reached skill level 4 in Short Blades
  1557 | D:3      | Reached XP level 4. HP: 29/29 MP: 4/4
  1577 | D:3      | Noticed Terence
  1595 | D:3      | Killed Terence
  1596 | D:3      | Reached XP level 5. HP: 34/34 MP: 5/5
  2065 | D:3      | Found Jalyirayv's Jewellery Emporium.
  2576 | D:4      | Found Lodghui's Weapon Shoppe.
  2591 | D:4      | Noticed an ogre
  2605 | D:4      | Killed an ogre
  2606 | D:4      | Reached skill level 5 in Short Blades
  2606 | D:4      | Reached XP level 6. HP: 38/39 MP: 6/6
  2847 | D:4      | Found Zosa's Antique Weapon Emporium.
  2892 | D:4      | Found Ubofut's Armour Shop.
  3103 | D:4      | Found Foff's Assorted Antiques.
  3507 | D:4      | Reached skill level 6 in Short Blades
  3850 | D:4      | Reached XP level 7. HP: 45/45 MP: 7/7
  3894 | D:5      | Entered Level 5 of the Dungeon
  3977 | D:5      | Noticed Edmund
  3995 | D:5      | Killed Edmund
  3996 | D:5      | Reached skill level 7 in Short Blades
  4416 | D:5      | Noticed Sigmund
  4429 | D:5      | Killed Sigmund
  4430 | D:5      | Reached skill level 8 in Short Blades
  4430 | D:5      | Reached XP level 8. HP: 31/50 MP: 8/8
  4568 | D:5      | Found a staircase to the Ecumenical Temple.
  4577 | Temple   | Entered the Ecumenical Temple
  4700 | Temple   | Became a worshipper of Gozag Ym Sagoz the Greedy
  5062 | D:6      | Found a shimmering altar of Xom.
  5066 | D:6      | Found a sand-covered staircase.
  5070 | D:6      | Reached skill level 9 in Short Blades
  5077 | Ossuary  | Entered an ossuary
  5722 | D:6      | Noticed Grinder
  5725 | D:6      | Paralysed by Grinder for 2 turns
  5738 | D:6      | Killed from afar by Grinder

Illustrated notes

Levels and vault maps discovered:
D:1:      elethiomel_arrival_quiet, layout_rooms, nrook_mini_backslash,
          minmay_door_square, hangedman_decor_push
D:2:      layout_rooms, hellmonk_ecumenical_altar_prayer_group, serial_shops,
          nicolae_shop_stone, shop, nicolae_shop_waterfront
D:3:      minmay_inner_zag, layout_basic, grunt_dithmenos_smoke_and_mirrors,
          serial_shops, shop, minivault_4, lightli_corner_chamber, uniq_terence
D:4:      layout_basic, serial_shops, nicolae_shop_statue_plus, shop_statue,
          shop, shop, minmay_misc_feat_room
D:5:      layout_gridville, minmay_temple_entry_enclosed_plants,
          kennysheep_generic_room_10, uniq_sigmund, uniq_edmund
D:6:      layout_gridville, mainiacjoe_overflow_paths, gammafunk_ghost_icy,
          nicolae_ossuary_entry_ruins, uniq_pikel, uniq_crazy_yiuf_cottage,
          uniq_grinder, uniq_eustachio
Temple:   nicolae_temple_elliptical

Skill      XL: |  1  2  3  4  5  6  7  8 |
---------------+-------------------------+-----
Short Blades   | 3 4 5 6 8 9 |  9.5
Throwing       | 3 4 |  4.0
Fighting       | |  2.0
Dodging        | |  1.0
Stealth        | |  5.8

Action                   |  1- 3 |  4- 6 |  7- 9 || total
-------------------------+-------+-------+-------++-------
Melee: Dagger            |    50 |    97 |   129 ||   276
       Constrict         |    10 |    19 |    26 ||    55
       Tentacles         |     6 |    21 |    31 ||    58
Throw: Dart              |     1 |    22 |    21 ||    44
  Use: Scroll            |       |     3 |     2 ||     5
       Potion            |       |       |     1 ||     1
 Stab: Sleeping          |    12 |     9 |     3 ||    24
       Distracted        |       |       |     1 ||     1
Armor: Skin              |     4 |    16 |    39 ||    59
Dodge: Dodged            |    27 |    30 |    72 ||   129
